Construct Infanterie Kompanie
Selects Luftwaffe Battlegroup
Selects Luftwaffe Pioneer Support
Construct Panzergrenadier Kompanie
Selects LG40 Recoilless Gun Paradrop
LG40 Recoilless Gun Paradrop
LG40 Recoilless Gun Paradrop
Panzergrenadier Officer Quarters
Construct Panzer Kompanie
Selects Infantry Reserves
Selects Stuka Strafing Run
Nebelwerfer 42 Rocket Launcher Team
Pak 40 Anti-tank Gun Team
Selects Fallschirmjäger Squad Paradrop
Nebelwerfer 42 Rocket Launcher Team